 Dungeon Crawl Stone Soup version 0.28-a0-1152-g9c71ebef14 (webtiles) character file.

Game seed: 12485674413840942736

31 spaghetti the Skirmisher (level 3, -2/44 HPs)
             Began as an Ogre Delver on Dec 14, 2021.
             Killed from afar by an orc wizard (12 damage)
             ... with a puff of flame
             ... on level 5 of the Dungeon.
             The game lasted 00:01:38 (461 turns).

spaghetti the Skirmisher (Ogre Delver)               Turns: 461, Time: 00:01:39

Health: -2/44      AC:  3    Str: 16    XL:     3   Next: 22%
Magic:  3/3        EV:  9    Int: 13    God:
Gold:   0          SH:  0    Dex: 10    Spells: 2/2 levels left

rFire   . . .      SeeInvis .   a - +0 mace {mace}
rCold   . . .      Faith    .   (no shield)
rNeg    . . .      Spirit   .   b - +0 robe
rPois   .          Reflect  .   (helmet restricted)
rElec   .          Harm     .   (no cloak)
rCorr   .          Rampage  .   (gloves unavailable)
Will    .....                   (boots unavailable)
Stlth   ++........              (no amulet)
HPRegen 0.14/turn               (no ring)
MPRegen 0.08/turn               (no ring)

@: hasted, very quick
A: large, unfitting armour, tough skin 1
a: no special abilities


You were on level 5 of the Dungeon.
You visited 2 branches of the dungeon, and saw 3 of its levels.


Innate Abilities, Weirdness & Mutations

You are too large for most types of armour.
You have tough skin. (AC +1)


   Skills:
 + Level 5.7 Fighting
 - Level 1.7 Maces & Flails
 - Level 1.7 Dodging
 - Level 3.7 Stealth


You had 2 spell levels left.
You didn't know any spells.
Your spell library contained the following spells:

 Spells                   Type           Power      Damage    Failure   Level
 Conjure Flame            Conj/Fire      0%         6-21      67%         3
 Ignite Poison            Fire/Tmut/Pois 0%         N/A       67%         3
 Sticky Flame             Conj/Fire      0%         2d3       97%         4

Inventory:

Hand Weapons
 a - a +0 mace (weapon) {mace}
Missiles
 h - 25 stones (quivered) {throwing}
Armour
 b - a +0 robe (worn)
Wands
 g - a wand of digging (3)
Scrolls
 d - a scroll of magic mapping {!r}

Dungeon Overview and Level Annotations

Branches:
Dungeon (6/15)             Temple (1/1) D:5

Altars:
Ashenzari
Cheibriados
Dithmenos
Elyvilon
Fedhas
Gozag
Hepliaklqana
Kikubaaqudgha
Makhleb
Nemelex Xobeh
Qazlal
Ru
Sif Muna
Trog
Uskayaw
Wu Jian
Zin

Shops:
D:5

[ #o# #.# #.#
###########o#
#oo§§§§§§§..#
#o########### #o#
#.# #@# #.# #.#.
#.# #.#. #.#
#######...######.#
.... ............#
...# ........# ###
.#.##.###..#.#
#...# #......#


You could see an orc wizard and 3 orcs.


Message History

An orc comes into view. It is wielding a +0 dagger.
The orc wizard shouts! x2
The orc wizard barely misses you.
The orc shouts! x2
Okay, then.
Okay, then.
You barely miss the orc wizard.
The orc wizard hits you with a +0 dagger.
The orc hits you with a +0 dagger. 😕 HP[-3]
You take 3 damage, and now have 30/33 hp.
You thump the orc wizard!
The orc wizard hits you but does no damage.
The orc barely misses you.
An orc comes into view. It is wielding a +0 flail.
The orc wizard gestures wildly while chanting.
The orc wizard flickers and vanishes!
Deactivating autopickup; reactivate with Ctrl-A.
The orc wizard hits you with a +0 dagger.
The orc completely misses you.
The orc moves out of view. 😕 HP[-3]
You take 3 damage, and now have 27/33 hp.
Unknown command.
You hit the orc wizard.
The orc wizard hits you with a +0 dagger. 😕 HP[-1]
You take 1 damage, and now have 26/33 hp.
You hit the orc wizard but do no damage.
The orc wizard barely misses you. Something hits you. 😮 HP[-4]
You take 4 damage, and now have 22/33 hp.
You miss the orc wizard.
The orc wizard hits you but does no damage.
You closely miss the orc wizard.
The orc wizard hits you but does no damage.
You barely miss the orc wizard. Something hits you but does no damage.
The orc wizard hits you with a +0 dagger. 😮 HP[-1]
You take 1 damage, and now have 21/33 hp.
You hit the orc wizard.
You kill the orc wizard!
Something hits you but does no damage. Something hits you.
The orc hits you with a +0 war axe.
* * * LOW HITPOINT WARNING * * *
Your Fighting skill increases to level 5!
You have reached level 3!
Your experience leads to an increase in your attributes!
Increase (S)trength, (I)ntelligence, or (D)exterity?
You feel clever. x2; You feel stronger. 😨 HP[-1] MP[+1]
You now have 44 max hp (+11).
Your mp is fully restored (3).
Unknown command.
Unknown command.
Okay, then.
You hear the quick rusting of a distant drain.
A magic dart appears from out of thin air!
The magic dart hits you but does no damage.
Unknown command.
Unknown command. 😨 HP[+1]
A magic dart appears from out of thin air!
The magic dart hits you!
* * * LOW HITPOINT WARNING * * *
😨 HP[-7]
You take 7 damage, and now have 14/44 hp.
Okay, then.
As you read the scroll of fog, it crumbles to dust.
The scroll dissolves into smoke. 😨 HP[+1]
Okay, then.
Unknown command.
The orc wizard closely misses you. 😨 HP[+1]
You closely miss the orc wizard.
The orc wizard hits you but does no damage.
You hit the orc wizard. The orc hits you with a +0 war axe.
* * * LOW HITPOINT WARNING * * *
The orc wizard barely misses you. 😨 HP[-2]
You take 2 damage, and now have 14/44 hp.
Okay, then.
Okay, then.
You feel yourself speed up.
The orc wizard hits you with a +0 dagger.
* * * LOW HITPOINT WARNING * * *
😱 HP[-3]
You take 3 damage, and now have 11/44 hp.
You hit the orc wizard. You closely miss the orc wizard.
The orc wizard hits you with a +0 dagger.
* * * LOW HITPOINT WARNING * * *
😱 HP[-2]
You take 2 damage, and now have 9/44 hp.
Unknown command.
The orc shouts! 😱 HP[+1]
Okay, then.
The orc wizard gestures at you while chanting.
The puff of flame hits you!
You die...

Skill      XL: |  1  2 |
---------------+-------+-----
Fighting       | 5 |  5.7
Maces & Flails | |  1.7
Dodging        | |  1.7
Stealth        | |  3.7

Action                   || total
-------------------------++-------
Melee: Mace              ||    24
  Use: Scroll            ||     4
       Potion            ||     2
Armor: Robe              ||    12
Dodge: Dodged            ||    14

Levels and vault maps discovered:
D:5:      wander_guarded_unrand_ratskin, layout_basic,
          minmay_temple_entry_glassed_door, serial_shops,
          nicolae_shop_advertising_works [nicolae_subvault_shop_adworks],
          nicolae_shop_statue_plus, cheibrodos_sewer_entry_drain
D:6:      nicolae_cairo_tiling, layout_loops_corners, led_xom_imps,
          nicolae_stop_n_shop_1, uniq_blork_the_orc, uniq_maggie, uniq_pikel,
          uniq_edmund
Temple:   minmay_crystal_spiral_temple

Notes
Turn   | Place    | Note
-------+----------+-------------------------------------------
     0 | D:5      | spaghetti the Ogre Delver began the quest for the Orb.
     0 | D:5      | Reached XP level 1. HP: 24/24 MP: 1/1
     0 | D:5      | magus.rc [v1.9.6]
    26 | D:6      | You add the spells Conjure Flame, Ignite Poison and Sticky
                  | Flame to your library.
    46 | D:5      | Found Vierofav's Armour Shop.
    65 | D:5      | HP: 6/24 [poisoned by an adder]
    80 | D:5      | Reached XP level 2. HP: 33/33 MP: 2/2
   116 | D:5      | Found a staircase to the Ecumenical Temple.
   121 | Temple   | Entered the Ecumenical Temple
   434 | D:5      | Reached skill level 5 in Fighting
   434 | D:5      | Reached XP level 3. HP: 20/44 MP: 3/3
   457 | D:5      | HP: 11/44 [orc wizard (3)]
   461 | D:5      | Killed from afar by an orc wizard

Vanquished Creatures
  An orc wizard (D:5)
  An adder (D:5)
2 creatures vanquished.

Table legend:
 A = Non-vault XP
 B = Vault XP
 C = Vault XP percentage of total XP
 D = Non-vault monster count
 E = Vault monster count
 F = Vault count percentage of total count
                 A         B        C        D         E       F
            +---------+---------+-------+---------+---------+-------
      Total |      45 |       0 |   0.0 |       2 |       0 |   0.0
            +---------+---------+-------+---------+---------+-------
        D:5 |      45 |       0 |   0.0 |       2 |       0 |   0.0
            +---------+---------+-------+---------+---------+-------

Illustrated notes

Table legend:
 A = Kills in this place as a percentage of kills in entire the game.
 B = Kills by you in this place as a percentage of kills by you in the entire game.
 C = Kills by friends in this place as a percentage of kills by friends in the entire game.
 D = Other kills in this place as a percentage of other kills in the entire game.
 E = Experience gained in this place as a percentage of experience gained in the entire game.
 F = Experience gained in this place divided by the number of levels of this place that you have seen.
                   A       B       C       D       E      F
               +-------+-------+-------+-------+-------+----------------------
         Total | 100.0 | 100.0 |   N/A |   N/A | 100.0 |  15.0
       Dungeon | 100.0 | 100.0 |   N/A |   N/A | 100.0 |  22.5
               +-------+-------+-------+-------+-------+----------------------

Table legend: (Time is in decaauts)
 A = Elapsed time spent in this place.
 B = Non-inter-level travel time spent in this place.
 C = Inter-level travel time spent in this place.
 D = Time resting spent in this place.
 E = Time spent auto-exploring this place.
 F = Levels seen in this place.
 G = Mean time per level.
                   A        B        C        D        E       F      G
               +--------+--------+--------+--------+--------+-----+--------+
         Total |    467 |    365 |    102 |      0 |    246 |   3 |  155.7 |
       Dungeon |    250 |    235 |     15 |      0 |    136 |   2 |  125.0 |
        Temple |    216 |    129 |     87 |      0 |    110 |   1 |  216.0 |
               +--------+--------+--------+--------+--------+-----+--------+

Top non-repeatable levels by time:
     D:5: 244 daAuts
  Temple: 216 daAuts
     D:6: 6 daAuts
